 Dungeon Crawl Stone Soup version 0.30-a0-845-g7c6808c8ce (webtiles) character file.

Game seed: 4568853863353424809

262 Wobber the Caller (level 6, 0/30 HPs)
             Began as a Vine Stalker Summoner on Mar 2, 2023.
             Was an Initiate of Nemelex Xobeh.
             Succumbed to a scorpion's poison
             ... on level 4 of the Dungeon.
             The game lasted 00:18:25 (2791 turns).

Wobber the Caller (Vine Stalker Summoner)           Turns: 2791, Time: 00:18:26

Health: 0/30       AC:  2    Str: 10    XL:     6   Next: 18%
Magic:  12/12      EV: 12    Int: 17    God:    Nemelex Xobeh [......]
Gold:   215        SH:  0    Dex: 15    Spells: 2/11 levels left

rFire   . . .      SeeInvis .    b - +0 short sword
rCold   . . .      Faith    .    (no shield)
rNeg    . . .      Spirit   +    e - +0 robe
rPois   .          Reflect  .    (no helmet)
rElec   .          Rampage  .    j - scarf {+Inv}
rCorr   .                        (no gloves)
Will    .....                    (no boots)
Stlth   ++                       p - amulet of magic regeneration
HPRegen 1.05/turn                (no ring)
MPRegen 0.53/turn                (no ring)

@: brilliant, lethally poisoned (0 -> -1), about to teleport
A: fangs 2, regeneration 1, magic shield, antimagic bite, no potion heal 2
a: Renounce Religion, Evoke Invisibility, Draw Escape, Draw Destruction, Draw
Summoning


You were on level 4 of the Dungeon.
You worshipped Nemelex Xobeh.
Nemelex Xobeh was noncommittal.
You visited 1 branch of the dungeon, and saw 4 of its levels.

You collected 215 gold pieces.

Inventory:

Hand Weapons
 a - a +0 sling
 b - a +0 short sword (weapon)
 z - a +1 dagger of draining
Missiles
 g - 7 poisoned darts
 m - 28 stones
 n - 2 boomerangs
Armour
 d - a +0 leather armour
 e - a +0 robe (worn)
 j - a scarf of invisibility (worn)
 C - a +1 leather armour of poison resistance
Jewellery
 p - an amulet of magic regeneration (around neck)
 y - an amulet of faith
Wands
 B - a wand of polymorph (3)
Scrolls
 c - 2 scrolls of poison {unknown}
 f - 2 scrolls of noise {unknown}
 q - 2 scrolls of magic mapping
 r - 2 scrolls of identify {unknown}
 s - a scroll of enchant weapon {unknown}
 v - a scroll of acquirement {unknown}
 D - a scroll of vulnerability {unknown}
Potions
 h - 3 potions of brilliance
 i - a potion of ambrosia {unknown}
 k - a potion of curing {unknown}
 l - a potion of magic
 o - a potion of berserk rage {unknown}
 u - a potion of lignification {unknown}
 w - a potion of heal wounds {unknown}
 x - a potion of haste {unknown}
 A - 2 potions of mutation {unknown}


   Skills:
 + Level 1.4 Fighting
 - Level 2.0 Dodging
 - Level 3.2 Stealth
 + Level 3.4 Spellcasting
 * Level 1.5 Hexes
 * Level 5.0 Summonings
 * Level 1.5 Air Magic
 + Level 0.6 Invocations
 - Level 0.5 Evocations


You had 2 spell levels left.
You knew the following spells:

 Your Spells              Type           Power      Damage    Failure   Level
a - Summon Small Mammal   Summ           100%       N/A       1%          1
b - Call Imp              Summ           30%        N/A       3%          2
c - Call Canine Familiar  Summ           30%        N/A       6%          3
d - Summon Guardian Gole  Hex/Summ       21%        N/A       13%         3

Your spell library contained the following spells:

 Spells                   Type           Power      Damage    Failure   Level
 Ensorcelled Hibernation  Hex/Ice        16%        N/A       19%         2
 Kindle Blastsparks       Fire/Tloc/Air  14%        2d11      38%         3
 Summon Lightning Spire   Summ/Air       21%        N/A       38%         4
 Ignite Poison            Fire/Tmut/Pois 4%         N/A       45%         3
 Spider Form              Tmut/Pois      4%         N/A       45%         3
 Anguish                  Hex/Necr       4%         N/A       77%         4
 Freezing Cloud           Conj/Ice/Air   3%         6-21      98%         5


Dungeon Overview and Level Annotations

Branches:
Dungeon (4/15)
 Temple: D:4-7

Altars:
Nemelex Xobeh

Shops:
D:4 =

Annotations:
D:4 Edmund


Innate Abilities, Weirdness & Mutations

You have extremely sharp teeth.
Your natural rate of healing is unusually fast.
When hurt, damage is shared between your health and your magic reserves.
Your bite disrupts and absorbs the magic of your enemies.
Potions cannot restore your health.


Message History

You feel sick.
Your white imp hits the kobold.
Your white imp freezes the kobold.
The kobold dies!
The scorpion stings you.
* * * LOW HITPOINT WARNING * * *
You are lethally poisoned!
The scorpion poisons you!
You are too injured to fight recklessly!
Okay, then.
As you read the scroll labelled QYNIR HAORIFUP, it crumbles to dust.
You feel aware of your surroundings.
It was a scroll of magic mapping.
* * * LOW HITPOINT WARNING * * *
You feel very sick.
Your bat hits the scorpion but does no damage.
The scorpion barely misses you.
Your bat barely misses the hound.
As you read the scroll labelled MACVETZ YTASE, it crumbles to dust.
You feel strangely unstable.
It was a scroll of teleportation.
* * * LOW HITPOINT WARNING * * *
You feel very sick. The scorpion barely misses you.
Your bat barely misses the hound.
It was a potion of brilliance.
You feel clever all of a sudden.
* * * LOW HITPOINT WARNING * * *
You feel sick.
Your bat dies!
Your bat's corpse disappears in a puff of smoke!
The scorpion closely misses you.
Your white imp barely misses the hound.
You closely miss the scorpion. You bite the scorpion.
You kill the scorpion!
Your surroundings suddenly seem different.
Edmund and an iguana come into view.
Edmund is wielding a +1 heavy flail, wearing a +2 scale mail of willpower and carrying a wand of digging (2).
* * * LOW HITPOINT WARNING * * *
You feel sick.
Your Summonings skill increases to level 5!
You have reached level 6!
As you read the scroll of teleportation, it crumbles to dust.
You feel strangely unstable.
You die...
Your body disappears without a glow.

..# *,,,***,,,,...)......### .##
*,,,,,...,.............. .##
*****,,,*##..,...........###
..###*,,,,,,,,...#,>.......##.##.
.......***,,,*#..#*,,,,,,,,,.....
..#####* **,**#..#**,,,*,,,***##.
.## *,* #..# **,***,,,,*#..
.#*********,* #..# *****,,,,,..#
..,,,,,,,**,* #@@#******,,,,,,,*#
###*****,**,* #.........,,,,,,,,#
*,**,* ##.#######,,,,,,,.. *,**,*
#l#** **,,,,,### *,**,* #..,*
*,,,,**## *,**,** ###,* *,,,,,,..
******,*,,,** *,* **,,***##
*,,,,,,,***,* *,*******,,*****
*,****,,* *,* *,**,,,,,,,,,,,,


You could see Edmund (asleep) and an iguana (asleep).

Vanquished Creatures
  A scorpion (D:4)
  A sleepcap (D:4)
  3 adders (D:2)
  An ufetubus (D:4)
  2 worms (D:3)
  3 ball pythons
  An endoplasm (D:1)
  4 giant cockroaches
  3 goblins
  A hobgoblin (D:1)
  2 kobolds (D:1)
  A quokka (D:1)
  3 bats
  A rat (D:1)
27 creatures vanquished.

Vanquished Creatures (collateral kills)
  Ijyb (D:4)
  4 adders
  An ufetubus (D:4)
  3 bats
  8 endoplasms
  4 giant cockroaches
  3 goblins
  4 hobgoblins
  3 kobolds
  4 quokkas
  2 ball pythons
  3 frilled lizards (D:3)
  2 rats
42 creatures vanquished.

Grand Total: 69 creatures vanquished

Notes
Turn   | Place    | Note
-------+----------+-------------------------------------------
     0 | D:1      | Wobber the Vine Stalker Summoner began the quest for the
                  | Orb.
     0 | D:1      | Reached XP level 1. HP: 9/9 MP: 4/4
    76 | D:1      | Reached XP level 2. HP: 13/13 MP: 6/6
   635 | D:1      | Reached XP level 3. HP: 17/17 MP: 6/8
  1007 | D:1      | Learned a level 2 spell: Call Imp
  1011 | D:1      | Learned a level 3 spell: Call Canine Familiar
  1427 | D:2      | Gained mutation: Your natural rate of healing is unusually
                  | fast. [Vine Stalker growth]
  1427 | D:2      | Reached XP level 4. HP: 18/21 MP: 7/9
  1581 | D:2      | Found a faded altar of an unknown god.
  1904 | D:3      | Reached skill level 1 in Fighting
  2156 | D:3      | Reached XP level 5. HP: 19/21 MP: 8/10
  2184 | D:3      | Learned a level 3 spell: Summon Guardian Golem
  2502 | D:4      | Noticed Ijyb
  2516 | D:4      | Killed Ijyb
  2589 | D:4      | Found a sparkling altar of Nemelex Xobeh.
  2596 | D:4      | Became a worshipper of Nemelex Xobeh the Trickster
  2683 | D:4      | Reached skill level 1 in Hexes
  2683 | D:4      | Reached skill level 1 in Air Magic
  2773 | D:4      | Found Junnui's Jewellery Boutique.
  2790 | D:4      | Noticed Edmund
  2790 | D:4      | HP: 1/25 [poisoned by a scorpion]
  2791 | D:4      | Reached skill level 5 in Summonings
  2791 | D:4      | Reached XP level 6. HP: 1/30 MP: 12/12
  2791 | D:4      | Succumbed to a scorpion's poison

Illustrated notes

Levels and vault maps discovered:
D:1:      saegor_arrival_miasma, layout_loops_ring, minmay_misc_feat_tiny
D:2:      minmay_spotlight, layout_rooms, shapermc_ecumenical_altar_totnotflames
D:3:      layout_rooms, kennysheep_cluttered_room, ebering_dispersal_statue_hall
D:4:      layout_loops_ring, nemelex_diamond_rough_becter,
          kennysheep_windowed_goal, uniq_ijyb, uniq_edmund

Skill      XL: |  1  2  3  4  5 |
---------------+----------------+-----
Spellcasting   | 3 |  3.4
Dodging        | 2 |  2.0
Stealth        | 3 |  3.2
Fighting       | 1 |  1.4
Hexes          | 1 |  1.5
Air Magic      | 1 |  1.5
Summonings     | 5 |  5.0
Invocations    | |  0.6
Evocations     | |  0.5

Action                     |  1- 3 |  4- 6 || total
---------------------------+-------+-------++-------
  Melee: Unarmed           |    38 |       ||    38
         Bite              |    22 |    28 ||    50
         Short sword       |    42 |    84 ||   126
   Fire: Sling             |     1 |       ||     1
   Cast: Summon Small Mamm |    41 |    51 ||    92
         Call Imp          |     3 |    15 ||    18
    Use: Scroll            |       |     3 ||     3
         Potion            |       |     1 ||     1
   Stab: Sleeping          |     3 |     3 ||     6
 Armour: Robe              |    23 |    22 ||    45
  Dodge: Dodged            |    79 |    65 ||   144

Table legend: (Time is in decaauts)
 A = Elapsed time spent in this place.
 B = Non-inter-level travel time spent in this place.
 C = Inter-level travel time spent in this place.
 D = Time resting spent in this place.
 E = Time spent auto-exploring this place.
 F = Levels seen in this place.
 G = Mean time per level.
                   A        B        C        D        E       F      G
               +--------+--------+--------+--------+--------+-----+--------+
         Total |   2787 |   2715 |     72 |     78 |   1768 |   4 |  696.8 |
       Dungeon |   2787 |   2715 |     72 |     78 |   1768 |   4 |  696.8 |
               +--------+--------+--------+--------+--------+-----+--------+

Top non-repeatable levels by time:
     D:1: 970 daAuts
     D:2: 691 daAuts
     D:3: 641 daAuts
     D:4: 484 daAuts
